 Dungeon Crawl Stone Soup version 0.32-a0-361-g289a535e89 (webtiles) character file.

Game seed: 16288674965177595065

111 croobank the Changeling (level 4, -2/54 HPs)
             Began as a Demigod Shapeshifter on Feb 18, 2024.
             Slain by an orc wizard
             ... wielding a +0 dagger
              (3 damage)
             ... on level 3 of the Dungeon.
             The game lasted 00:05:00 (1445 turns).

croobank the Changeling (Demigod Shapeshifter)      Turns: 1445, Time: 00:05:00

Health: -2/54      AC: 22    Str: 21    XL:     4   Next: 36%
Magic:  6/6        EV:  2    Int: 16    God:
Gold:   100        SH:  0    Dex: 13    Spells: 3/3 levels left

rFire   . . .        a - +1 dagger (speed)
rCold   . . .        (no shield)
rNeg    . . .        i - melded +0 leather armour
rPois   +            (helmet currently unavailable)
rElec   .            (cloak currently unavailable)
rCorr   .            (gloves currently unavailable)
SInv    .            h - melded +0 pair of boots
Will    .....        (no amulet)
Stlth   +            k - +6 ring of strength
HPRegen 0.29/turn    (no ring)
MPRegen 0.10/turn

%: no passive effects
@: tree-form
A: stationary, stasis, torment immunity, boosted hp, high MP 1, forlorn, divine
attributes, deterioration 1, (poison resistance), evolution 1
a: no special abilities


You were on level 3 of the Dungeon.
You were a tree.
You visited 1 branch of the dungeon, and saw 3 of its levels.

You collected 130 gold pieces.
You spent 30 gold pieces at shops.

Inventory:

Hand Weapons
 a - a +1 dagger of speed (weapon)
 b - a +0 sling
Armour
 f - a +0 animal skin
 h - a +0 pair of boots (melded)
 i - a +0 leather armour (melded)
Jewellery
 k - a +6 ring of strength (left branch)
Talismans
 c - a beast talisman (active)
 d - a flux talisman
Scrolls
 g - 3 scrolls of identify {unknown}
 m - a scroll of silence {unknown}
 n - 2 scrolls of fog {unknown}
 o - a scroll of poison {unknown}
 p - a scroll of butterflies {unknown}
 q - a scroll of teleportation {unknown}
Potions
 j - a potion of mutation
 l - a potion of curing
 r - a potion of might {unknown}


   Skills:
 + Level 2.0 Fighting
 + Level 2.5 Dodging
 + Level 3.2 Unarmed Combat
 * Level 3.4 Shapeshifting


You had 3 spell levels left.
You didn't know any spells.
Your spell library contained the following spells:

 Spells                   Type           Power      Damage    Failure   Level
 Sting                    Conj/Alch      0%         1d3       26%         1
 Mercury Vapours          Alch/Air       0%         N/A       36%         2
 Tukima's Dance           Hex            0%         N/A       58%         3
 Olgreb's Toxic Radiance  Alch           0%         N/A       94%         4
 Passage of Golubria      Tloc           0%         N/A       94%         4
 Yara's Violent Unravell  Hex/Alch       0%         3d3       100%        5


Dungeon Overview and Level Annotations

Branches:
Dungeon (3/15)

Shops:
D:1 !


Innate Abilities, Weirdness & Mutations

You are a tree.
Your roots penetrate the ground, keeping you stationary.
You cannot be teleported.
You are immune to unholy pain and torment.
Your maximum health is greatly increased.
Your equipment is partially melded.
You have an increased reservoir of magic. (+10% MP)
You shall have no god before yourself.
Your divine heritage dramatically boosts your attributes as you level up.
Your body sometimes deteriorates upon taking damage.
((Your system is resistant to poisons. (rPois)))
You have hidden genetic potential.


Message History

The orc wizard is moderately wounded.
You hit the orc wizard.
The orc wizard is moderately wounded.
The orc wizard casts a spell at you. You resist with some effort.
The orc hits you with a +0 flail!
You hit the orc wizard but do no damage.
The orc wizard is moderately wounded.
The orc barely misses you.
The orc wizard hits you with a +0 dagger.
The orc hits you with a +0 short sword. The orc hits you with a +0 flail.
You closely miss the orc wizard.
The orc wizard is moderately wounded.
You closely miss the orc wizard.
The orc wizard is moderately wounded.
The orc wizard points at you and mumbles some strange words.
The magic dart hits you.
* * * LOW HITPOINT WARNING * * *
The orc hits you with a +0 flail.
* * * LOW HITPOINT WARNING * * *
The orc misses you.
You feel better.
The orc wizard hits you but does no damage.
The orc hits you with a +0 flail!
* * * LOW HITPOINT WARNING * * *
The orc closely misses you.
Your transformation has ended.
Your +0 pair of boots unmelds from your body.
You turn into a tree.
Your +0 pair of boots melds into your body.
Your +0 leather armour melds into your body.
Your roots penetrate the ground.
The orc wizard hits you but does no damage.
The orc hits you with a +0 flail.
* * * LOW HITPOINT WARNING * * *
The orc hits you but does no damage.
It was a potion of mutation.
You feel extremely strange.
You feel yourself wasting away.
You feel resistant to poisons.
You feel a hidden potential growing inside you.
The orc wizard hits you with a +0 dagger.
You die...

..........>...≈.≈_.$≈.≈
#.#.##........≈.≈≈≈≈≈.≈
#.##........≈.......≈
#...........≈≈≈≈≈≈≈≈≈
####.........?.......
#..........†...##
#####.#...>#.#.#
#.o...<..# # #♣o......#
.......o.......#
###...#........#
...............#
###...#..$.....# #..
#........# #.
#........# ## #.#.####.


You could see an orc wizard and 2 orcs.

Vanquished Creatures
  4 adders (D:2)
  2 dart slugs (D:2)
  A ribbon worm (D:3)
  4 ball pythons
  3 bats
  4 endoplasms
  3 giant cockroaches
  3 goblins
  7 hobgoblins
  2 kobolds (D:1)
  3 frilled lizards
  3 rats
39 creatures vanquished.

Notes
Turn   | Place    | Note
-------+----------+-------------------------------------------
     0 | D:1      | croobank the Demigod Shapeshifter began the quest for the
                  | Orb.
     0 | D:1      | Reached XP level 1. HP: 15/15 MP: 3/3
   193 | D:1      | Reached skill level 1 in Fighting
   331 | D:1      | Reached XP level 2. HP: 19/23 MP: 4/4
   604 | D:1      | Found Pagoc's Distillery.
   612 | D:1      | Bought a potion of curing for 30 gold pieces
   705 | D:2      | Reached XP level 3. HP: 25/28 MP: 5/5
  1148 | D:2      | Reached XP level 4. HP: 36/36 MP: 6/6
  1444 | D:3      | HP: 1/54 [orc/+0 flail (4)]
  1445 | D:3      | Gained mutation: Your body sometimes deteriorates upon
                  | taking damage. [potion of mutation]
  1445 | D:3      | Gained mutation: Your system is resistant to poisons.
                  | (rPois) [potion of mutation]
  1445 | D:3      | Gained mutation: You have hidden genetic potential. [potion
                  | of mutation]
  1445 | D:3      | Slain by an orc wizard

Illustrated notes

Levels and vault maps discovered:
D:1:      dpeg_arrival_oval, layout_rooms, serial_shops,
          nicolae_shop_pleasant_corner_grove, basic_ecumenical_altar,
          st_stairs_14
D:2:      layout_rooms
D:3:      layout_basic, mainiacjoe_overflow_catwalk_spiral, uniq_terence,
          uniq_sigmund

Skill      XL: |  1  2  3  4 |
---------------+-------------+-----
Fighting       | 1 2 |  2.0
Dodging        | 2 |  2.5
Unarmed Combat | 3 |  3.2
Shapeshifting  | 3 |  3.4

Action                     |  1- 3 |  4- 6 || total
---------------------------+-------+-------++-------
  Melee: Dagger            |    96 |    46 ||   142
         Unarmed           |     9 |       ||     9
   Fire: Sling             |     1 |       ||     1
    Use: Potion            |       |     3 ||     3
   Stab: Sleeping          |     1 |     1 ||     2
 Armour: Animal skin       |     7 |       ||     7
         Leather armour    |    37 |    22 ||    59
         Skin              |       |     4 ||     4
  Dodge: Dodged            |    51 |    19 ||    70
         Form:             |     1 |       ||     1
         Beast             |     1 |       ||     1

Table legend: (Time is in decaauts)
 A = Elapsed time spent in this place.
 B = Non-inter-level travel time spent in this place.
 C = Inter-level travel time spent in this place.
 D = Time resting spent in this place.
 E = Time spent auto-exploring this place.
 F = Levels seen in this place.
 G = Mean time per level.
                   A        B        C        D        E       F      G
               +--------+--------+--------+--------+--------+-----+--------+
         Total |   1394 |   1345 |     49 |    241 |    764 |   3 |  464.7 |
       Dungeon |   1394 |   1345 |     49 |    241 |    764 |   3 |  464.7 |
               +--------+--------+--------+--------+--------+-----+--------+

Top non-repeatable levels by time:
     D:1: 676 daAuts
     D:2: 602 daAuts
     D:3: 116 daAuts
